 Dungeon Crawl Stone Soup version 0.23.2 (webtiles) character file.

Game seed: 11805992394175127339

13048 Borgoz the Slicer (level 12, -21/73 HPs)
             Began as a Gargoyle Gladiator on Apr 5, 2019.
             Was a Believer of Ashenzari.
             Killed from afar by Frances (40 damage)
             ... with an iron shot
             ... on level 12 of the Dungeon.
             The game lasted 00:31:03 (11726 turns).

Borgoz the Slicer (Gargoyle Gladiator)             Turns: 11726, Time: 00:31:04

Health: -21/73     AC: 30    Str: 18    XL:     12   Next: 1%
Magic:  0/19       EV: 12    Int: 10    God:    Ashenzari [**....]
Gold:   674        SH:  0    Dex: 15    Spells: 19/20 levels left

rFire    . . .     SeeInvis .   a - +0 dagger (elec)
rCold    . . .     Gourm    .   (no shield)
rNeg     + . .     Faith    .   E - +8 chain mail of Zin's Approval {MR+}
rPois    ∞         Spirit   +   o - +2 hat
rElec    +         Reflect  .   C - scarf {Spirit}
rCorr    .         Harm     .   (no gloves)
MR       +....                  G - +0 pair of boots
Stlth    +.........             (no amulet)
HPRegen  0.22/turn              B - ring of stealth
MPRegen  0.16/turn              (no ring)

@: hasted, very quick
A: negative energy resistance 1, electricity resistance, unbreathing,
petrification resistance, rot immunity, AC +8
a: Curse Item, Scrying, Renounce Religion


You were on level 12 of the Dungeon.
You worshipped Ashenzari.
Ashenzari was pleased with you.
You were not hungry.

You visited 2 branches of the dungeon, and saw 13 of its levels.
You also visited: Sewer.

You collected 674 gold pieces.

Inventory:

Hand Weapons
 a - a +0 dagger of electrocution (weapon)
 b - a +3 short sword of draining
 p - a +0 rapier
 x - a +4 dagger
 z - a +0 dagger of chaos
 A - a +0 dagger of venom
 D - a +0 rapier
Missiles
 d - 6 throwing nets (quivered)
 i - 15 tomahawks
Armour
 l - a +0 plate armour
 o - a +2 hat (worn)
 C - a scarf of spirit shield (worn)
 E - the +8 chain mail of Zin's Approval (worn) {MR+}
   (You found it on level 10 of the Dungeon)

   It affects your resistance to hostile enchantments.
 F - a +3 ring mail of fire resistance
 G - a +0 pair of boots (worn)
 H - a +2 chain mail of cold resistance
 M - a +0 scale mail of fire resistance
 P - a +2 troll leather armour {Snorg}
Jewellery
 q - an uncursed ring of protection from cold
 B - a ring of stealth (left hand)
Wands
 I - a wand of paralysis (8)
 L - a wand of enslavement (16)
Scrolls
 e - 2 scrolls of fear
 g - a scroll of amnesia
 h - 9 scrolls of teleportation
 t - a scroll of magic mapping
 u - 3 scrolls of blinking
 y - 3 scrolls of remove curse
 N - a scroll of random uselessness {unknown}
 Q - a scroll of enchant weapon {unknown}
Potions
 c - 2 potions of might
 j - 3 potions of brilliance
 k - 4 potions of mutation
 m - 3 potions of agility
 n - a potion of magic {unknown}
 r - 2 potions of flight
 s - 5 potions of curing
 v - 3 potions of resistance
 w - 2 potions of heal wounds {unknown}
 K - a potion of berserk rage
Comestibles
 f - 16 rations
 O - a chunk of flesh


   Skills:
 + Level 7.8 Fighting
 * Level 9.4 Short Blades
 - Level 1.7 Throwing
 + Level 7.5 Armour
 * Level 8.7 Dodging
 - Level 5.0 Stealth
 + Level 4.7 Spellcasting
 + Level 4.4 Hexes


You had 19 spell levels left.
You knew the following spells:

 Your Spells              Type           Power        Failure   Level  Hunger
a - Confusing Touch       Hex            ##....       36%         1    #......

Your spell library contained the following spells:

 Spells                   Type           Power        Failure   Level  Hunger
 Animate Skeleton         Necr           N/A          93%         1    #......
 Apportation              Tloc           #.....       93%         1    #......
 Freeze                   Ice            #...         93%         1    #......
 Summon Small Mammal      Summ           #...         93%         1    #......
 Throw Frost              Conj/Ice       #.....       98%         2    ##.....
 Cause Fear               Hex            ##........   98%         4    #####..
 Ozocubu's Armour         Chrm/Ice       #.......     100%        3    ###....
 Summon Ice Beast         Ice/Summ       #.......     100%        4    #####..
 Throw Icicle             Conj/Ice       #.......     100%        4    #####..
 Silence                  Hex/Air        #.........   100%        5    ######.
 Yara's Violent Unravell  Hex/Tmut       #.........   100%        5    ######.
 Deflect Missiles         Chrm/Air       #.........   100%        6    #######
 Discord                  Hex            ##........   100%        8    #######


Dungeon Overview and Level Annotations

Branches:
Dungeon (12/15)            Temple (1/1) D:4            Lair (0/6) D:11
    Orc (0/2) D:10

Altars:
Ashenzari
Cheibriados
Dithmenos
Elyvilon
Fedhas
Gozag
Hepliaklqana
Kikubaaqudgha
Makhleb
Nemelex Xobeh
Okawaru
Qazlal
Ru
Sif Muna
Trog
Uskayaw
Vehumet
Wu Jian
Xom
Yredelemnul
Zin
The Shining One

Shops:
D:9 :

Annotations:
D:12 Frances


Innate Abilities, Weirdness & Mutations

You are resistant to torment.
Your stone body is resilient. (AC +8)
You are immune to poison.
You resist negative energy. (rN+)
You are resistant to electric shocks. (rElec)
You can survive without breathing.
You are immune to petrification.
You are immune to rotting.


Message History

The eye of draining is lightly wounded.
You hit the eye of draining.
The eye of draining is lightly wounded.
You hit the eye of draining but do no damage.
The eye of draining is lightly wounded.
Frances, Duchess of Pandemonium comes into view.
She is wielding a +0 scimitar.
Frances shouts!
You hit the eye of draining but do no damage.
The eye of draining is lightly wounded.
You hit the eye of draining.
The eye of draining is moderately wounded.
You feel yourself speed up.
You hit the eye of draining but do no damage.
The eye of draining is moderately wounded.
You hit the eye of draining.
The eye of draining is moderately wounded.
Frances chants phrases taken from a devil's mouth.
The iron shot hits you!!!
Ouch! That really hurt!
You die...

* , , , .##........,, , ,
.#......... .# , #.
...........#..#... ....*
*#....@.##.#...... , ,......
#.......#........
........####.......#........
......<..........G..........
*...........<...@.........#..
,........#...................
*#.......#..........)(†......
.. #......##.###..)........
.##.##.....###..####)#.....#.
....#......###..# *#(......#
, #..............# #.......)#
###...........###..(........
#..<..........##.###....... *


You could see Frances and an eye of draining.

Vanquished Creatures
  Snorg (D:10)
  2 two-headed ogres
  A centaur zombie (D:12)
  Maurice (D:9)
  2 gargoyles
  A komodo dragon (D:12)
  A troll (D:9)
  2 hippogriffs
  A shadow (D:11)
  A spriggan (D:8)
  A wyvern (D:10)
  4 yaks (D:11)
  3 hungry ghosts
  An acid dragon (D:12)
  A porcupine (D:11)
  2 ice beasts
  3 sky beasts
  4 orc warriors
  A black bear (D:11)
  A necrophage (D:9)
  10 centaurs
  9 ogres
  2 wolves (D:9)
  2 crocodiles (D:11)
  A wyvern zombie (D:11)
  7 bullfrogs
  4 gnoll sergeants (D:9)
  A water moccasin zombie (D:9)
  3 scorpions
  A jelly (D:11)
  4 killer bees (D:11)
  9 wights
  2 electric eels (D:9)
  A howler monkey (D:4)
  6 crimson imps
  2 bullfrog zombies
  A quasit (D:11)
  4 orc priests
  A gnoll shaman (D:9)
  13 hounds
  5 centaur skeletons
  2 bullfrog skeletons
  Terence (D:3)
  7 iguanas
  16 orc wizards
  3 worker ants
  A statue (D:6)
  A hound skeleton (D:4)
  A worker ant zombie (D:5)
  A howler monkey zombie (D:6)
  25 gnolls
  13 adders
  2 shadow imps
  3 oozes
  3 adder zombies
  An adder skeleton (D:9)
  2 worms (D:3)
  8 leopard geckos
  39 orcs
  5 giant cockroaches
  6 goblins
  3 hobgoblins (D:1)
  28 jackals
  7 kobolds
  5 quokkas
  3 ball pythons
  6 bats
  9 frilled lizards
  2 giant cockroach zombies (D:6)
  A jackal skeleton (D:7)
  A jackal zombie (D:7)
  2 leopard gecko zombies
  5 rats
  3 plants (Sewer)
337 creatures vanquished.

Vanquished Creatures (others)
  An unseen horror (D:11)
  A gnoll (D:9)
  3 fungi (D:11)
5 creatures vanquished.

Grand Total: 342 creatures vanquished

Notes
Turn   | Place    | Note
-------+----------+-------------------------------------------
     0 | D:1      | Borgoz the Gargoyle Gladiator began the quest for the Orb.
     0 | D:1      | Reached XP level 1. HP: 12/12 MP: 1/1
    87 | D:1      | Reached XP level 2. HP: 14/18 MP: 2/2
   277 | D:1      | Reached skill level 3 in Short Blades
   459 | D:1      | Reached XP level 3. HP: 18/22 MP: 3/3
  1312 | D:2      | Reached skill level 1 in Stealth
  1627 | D:3      | Reached skill level 1 in Armour
  1627 | D:3      | Reached XP level 4. HP: 22/27 MP: 4/4
  1698 | D:3      | Reached XP level 5. HP: 21/32 MP: 5/5
  1772 | D:3      | Found a glowing drain.
  1839 | Sewer    | Entered a sewer
  2543 | D:3      | Noticed Terence
  2556 | D:3      | Killed Terence
  2556 | D:3      | Reached XP level 6. HP: 35/37 MP: 6/6
  2595 | D:3      | Reached skill level 4 in Short Blades
  3005 | D:5      | Entered Level 5 of the Dungeon
  3197 | D:4      | Found a staircase to the Ecumenical Temple.
  3220 | Temple   | Entered the Ecumenical Temple
  3283 | Temple   | Became a worshipper of Ashenzari the Shackled
  3479 | D:4      | Reached XP level 7. HP: 31/41 MP: 7/7
  3728 | D:4      | Found a blossoming altar of Fedhas.
  3965 | D:4      | Found a bloodstained altar of Trog.
  4044 | D:4      | Noticed a hippogriff
  4076 | D:4      | Killed a hippogriff
  4076 | D:4      | Reached skill level 5 in Short Blades
  4206 | D:4      | Reached XP level 8. HP: 35/48 MP: 8/8
  4616 | D:5      | Found a sacrificial altar of Ru.
  4744 | D:5      | Reached skill level 5 in Dodging
  4966 | D:5      | Found a glowing golden altar of the Shining One.
  5510 | D:6      | Found a radiant altar of Vehumet.
  5525 | D:6      | Reached skill level 6 in Short Blades
  5605 | D:6      | Reached XP level 9. HP: 37/53 MP: 9/9
  5655 | D:6      | Reached skill level 5 in Fighting
  5881 | D:6      | Reached skill level 5 in Stealth
  6142 | D:6      | Reached * piety under Ashenzari
  6466 | D:7      | Found a shimmering altar of Xom.
  6466 | D:7      | Found a burning altar of Makhleb.
  6874 | D:7      | Reached skill level 1 in Spellcasting
  7470 | D:8      | Reached skill level 5 in Armour
  7478 | D:8      | Learned a level 1 spell: Confusing Touch
  7562 | D:8      | Reached skill level 7 in Short Blades
  7697 | D:8      | Found a basalt altar of Yredelemnul.
  7755 | D:8      | Reached skill level 1 in Hexes
  7838 | D:8      | Reached XP level 10. HP: 60/60 MP: 13/13
  8002 | D:8      | Found a sparkling altar of Nemelex Xobeh.
  8151 | D:8      | Found an ancient bone altar of Kikubaaqudgha.
  8596 | D:9      | Found Notaon's Book Shoppe.
  8617 | D:9      | Noticed Maurice
  8991 | D:9      | Noticed a two-headed ogre
  9035 | D:9      | Killed a two-headed ogre
  9035 | D:9      | Reached skill level 8 in Short Blades
  9236 | D:9      | Killed Maurice
  9737 | D:10     | Entered Level 10 of the Dungeon
  9788 | D:10     | Reached XP level 11. HP: 66/66 MP: 16/16
  9823 | D:10     | Noticed a two-headed ogre
  9838 | D:10     | Killed a two-headed ogre
  9862 | D:10     | Noticed Snorg
  9874 | D:10     | Killed Snorg
 10144 | D:10     | Found a staircase to the Orcish Mines.
 10155 | D:10     | Got the uncursed chain mail of Zin's Approval {MR+}
 10166 | D:10     | Identified the +8 chain mail of Zin's Approval {MR+} (You
                  | found it on level 10 of the Dungeon)
 10212 | D:10     | Reached ** piety under Ashenzari
 10568 | D:11     | Killed an unseen horror
 10624 | D:11     | Reached skill level 9 in Short Blades
 10994 | D:11     | Found a staircase to the Lair.
 11713 | D:12     | Reached XP level 12. HP: 17/73 MP: 0/19
 11720 | D:12     | Noticed Frances
 11726 | D:12     | Killed from afar by Frances

Skill      XL: |  1  2  3  4  5  6  7  8  9 10 11 |
---------------+----------------------------------+-----
Short Blades   | 3 4 5 6 7 8 9 |  9.4
Stealth        | 1 2 3 4 5 |  5.0
Armour         | 1 2 3 4 5 6 7 |  7.5
Dodging        | 3 4 5 6 7 8 |  8.7
Fighting       | 3 4 5 6 7 |  7.8
Spellcasting   | 2 3 4 |  4.7
Hexes          | 1 3 4 |  4.4
Throwing       | |  1.7

Action                   |  1- 3 |  4- 6 |  7- 9 | 10-12 || total
-------------------------+-------+-------+-------+-------++-------
Melee: Rapier            |   124 |   377 |    89 |       ||   590
       Dagger            |       |       |   335 |   735 ||  1070
       Short sword       |       |       |   213 |   202 ||   415
       Unarmed           |       |       |       |    10 ||    10
Throw: Throwing net      |       |     1 |     2 |     5 ||     8
Evoke: Wand              |       |       |     1 |     9 ||    10
  Use: Scroll            |     1 |     6 |     6 |     6 ||    19
       Potion            |       |       |     1 |     1 ||     2
 Stab: Sleeping          |     2 |       |       |     3 ||     5
       Held in net/web   |       |     1 |       |     7 ||     8
  Eat: Chunk             |     2 |     5 |    12 |    18 ||    37
       Ration            |       |     1 |     1 |       ||     2
Armor: Leather armour    |    48 |       |       |       ||    48
       Plate armour      |    35 |   241 |   387 |   325 ||   988
       Chain mail        |    11 |       |       |   236 ||   247
       Troll leather arm |       |       |       |    11 ||    11
Dodge: Dodged            |    87 |    89 |   182 |   373 ||   731
